 Dungeon Crawl Stone Soup version 0.31-a0-236-g9a0961fb85 (webtiles) character file.

Game seed: 13915364590829868423

940 qw the Skirmisher (level 7, -3/54 HPs)
             Began as a Minotaur Hexslinger on July 10, 2023.
             Slain by a lemure (7 damage)
             ... led by Pikel
             ... on level 6 of the Dungeon.
             The game lasted 00:01:29 (3850 turns).

qw the Skirmisher (Minotaur Hexslinger)             Turns: 3850, Time: 00:01:29

Health: -3/54      AC:  7    Str: 12    XL:     7   Next: 88%
Magic:  7/7        EV: 11    Int: 10    God:
Gold:   166        SH:  0    Dex: 17    Spells: 7/8 levels left

rFire   . . .        Y - +0 longbow (freeze)
rCold   + . .        (shield currently unavailable)
rNeg    + . .        e - +0 ring mail
rPois   .            (helmet unavailable)
rElec   .            (no cloak)
rCorr   .            (no gloves)
SInv    .            b - +1 pair of boots
Will    .....        (no amulet)
Stlth   ++           a - ring of positive energy
HPRegen 0.29/turn    (no ring)
MPRegen 0.10/turn

%: no passive effects
@: no status effects
A: horns 3, retaliatory headbutt, thin skeletal structure 1, cold resistance 1,
frail 1
a: no special abilities


You were on level 6 of the Dungeon.
You visited 1 branch of the dungeon, and saw 6 of its levels.

You collected 166 gold pieces.


Innate Abilities, Weirdness & Mutations

You have a pair of large horns on your head.
You reflexively headbutt those who attack you in melee.
You have a somewhat thin skeletal structure. (Dex +2, Stealth+)
Your flesh is cold resistant. (rC+)
You are frail. (-10% HP)


   Skills:
 - Level 5.1 Fighting
 + Level 8.0 Ranged Weapons
 - Level 3.1 Armour
 - Level 3.3 Dodging
 - Level 1.0 Spellcasting
 - Level 2.0 Hexes


You had 7 spell levels left.
You knew the following spells:

 Your Spells              Type           Power      Damage    Failure   Level
a - Slow                  Hex            16%        N/A       32%         1

Your spell library contained the following spells:

 Spells                   Type           Power      Damage    Failure   Level
 Inner Flame              Hex/Fire       2%         N/A       82%         3
 Portal Projectile        Hex/Tloc       4%         N/A       82%         3
 Cause Fear               Hex            2%         N/A       97%         4

Inventory:

Hand Weapons
 Y - a +0 longbow of freezing (weapon)
Armour
 b - a +1 pair of boots (worn)
 e - a +0 ring mail (worn)
 f - the scarf "Kolydd" {harm, Dex+3}
   (You found it on level 3 of the Dungeon)

   Dex:       It affects your dexterity (+3).
Jewellery
 a - a ring of positive energy (left hand)
 m - a ring of fire
Scrolls
 j - a scroll of identify
Potions
 d - 2 potions of haste
 h - a potion of ambrosia {unknown}
 k - a potion of brilliance {unknown}
 l - a potion of invisibility {unknown}

Dungeon Overview and Level Annotations

Branches:
Dungeon (6/15)
 Temple: D:4-7

Altars:

Annotations:
D:6 Pikel


Message History

The lemure hits you but does no damage. Pikel waves his whip at you.
Pikel hits you with a +1 whip of freezing!
Pikel freezes you.
You shoot an arrow. The arrow barely misses Pikel.
The arrow closely misses the lemure.
The centaur shouts!
You hear a bark!
Pikel hits you with a +1 whip of freezing.
The lemure closely misses you. You furiously retaliate!
You headbutt the lemure! You shoot an arrow. The arrow hits the lemure.
The arrow freezes the lemure.
The lemure is heavily wounded.
Pikel hits you but does no damage. The lemure closely misses you.
A hound comes into view.
The lemure hits you. The lemure closely misses you.
Pikel hits you with a +1 whip of freezing.
Pikel freezes you.
You shoot an arrow. The arrow barely misses the lemure.
The lemure closely misses you. The lemure hits you.
Pikel hits you with a +1 whip of freezing!
Pikel freezes you. The lemure hits you!
You shoot an arrow. The arrow closely misses the lemure.
The lemure hits you but does no damage.
Pikel hits you with a +1 whip of freezing.
The lemure hits you! The lemure barely misses you.
3848 ||| DRINKING potion of heal wounds.
You feel much better. The lemure hits you but does no damage.
Pikel hits you but does no damage. The lemure hits you.
The lemure hits you but does no damage.
You shoot an arrow. The arrow closely misses the lemure.
The lemure hits you but does no damage.
Pikel hits you with a +1 whip of freezing.
The lemure hits you. x3; The lemure closely misses you.
Pikel hits you with a +1 whip of freezing.
The lemure hits you but does no damage.
You shoot an arrow. The arrow hits the lemure!
The arrow freezes the lemure.
You kill the lemure!
That felt strangely unrewarding.
The hound closely misses you. The lemure hits you!
You die...

..# ##..# #...#
##...###
.######......###
................
.$....cK5.#.....
#@5.)# ##h..#
#...# ... #...#
#... ##..# ....
#..# .... #..##
##.... #...#
#....# ##..#
#...#


You could see Pikel, 2 lemures, a centaur and a hound.

Vanquished Creatures
  Menkaure (D:4)
  A black bear (D:6)
  An ogre (D:5)
  A centaur (D:6)
  2 lemures (D:6)
  A phantom (D:5)
  A scorpion (D:5)
  2 howler monkeys (D:4)
  2 hounds (D:5)
  An orc wizard (D:4)
  4 gnolls (D:5)
  11 adders
  An ufetubus (D:4)
  A worm (D:5)
  7 dart slugs
  15 orcs
  10 ball pythons
  3 bats
  2 endoplasms
  3 giant cockroaches (D:1)
  10 goblins
  7 hobgoblins
  6 quokkas
  2 frilled lizards (D:1)
  4 kobolds
  15 rats
114 creatures vanquished.

Notes
Turn   | Place    | Note
-------+----------+-------------------------------------------
     0 | D:1      | qw the Minotaur Hexslinger began the quest for the Orb.
     0 | D:1      | Reached XP level 1. HP: 16/16 MP: 1/1
     0 | D:1      | 0 ||| qw: Version: 0.3-a-52-g30416fa
     0 | D:1      | 0 ||| qw: Game counter: 4847
     0 | D:1      | 0 ||| qw: Melee chars always use a shield: true
     0 | D:1      | 0 ||| qw: God list: Okawaru
     0 | D:1      | 0 ||| qw: Allow faded altars: false
     0 | D:1      | 0 ||| qw: Do Orc after clearing Dungeon:15 true
     0 | D:1      | 0 ||| qw: Do second Lair branch before Depths: true
     0 | D:1      | 0 ||| qw: Lair rune preference: random
     0 | D:1      | 0 ||| qw: Goals: Normal
     0 | D:1      | 0 ||| PLANNING D:1-11
    74 | D:1      | Reached skill level 3 in Ranged Weapons
    79 | D:1      | Reached XP level 2. HP: 21/23 MP: 2/2
   219 | D:1      | Reached XP level 3. HP: 29/29 MP: 3/3
   351 | D:1      | Reached skill level 4 in Ranged Weapons
   635 | D:1      | 635 ||| UPGRADING to +0 ring mail.
   645 | D:1      | 645 ||| DROPPING +0 robe.
   646 | D:1      | 646 ||| DRINKING 2 inky potions.
   647 | D:1      | 647 ||| DROPPING scroll of poison.
   757 | D:2      | Reached skill level 1 in Armour
   827 | D:2      | 827 ||| READING scroll labelled ANUIQY CIROIWERPH.
   830 | D:2      | 830 ||| STAIRDANCE
   835 | D:1      | Reached XP level 4. HP: 35/36 MP: 4/4
  1314 | D:2      | Reached skill level 5 in Ranged Weapons
  1375 | D:2      | 1375 ||| UPGRADING to +0 pair of boots.
  1380 | D:2      | 1380 ||| READING scroll labelled ZAUSIKK NAJI.
  1381 | D:2      | 1381 ||| READING scroll labelled CYLI ABOBUAF.
  1381 | D:2      | Identified a scroll of acquirement
  1381 | D:2      | 1381 ||| ACQUIRING +0 longbow of freezing
  1381 | D:2      | Acquired a +0 longbow of freezing
  1383 | D:2      | 1383 ||| SWAPPING to +0 longbow of freezing.
  1384 | D:2      | 1384 ||| DROPPING +1 sling.
  1385 | D:2      | 1385 ||| READING scroll labelled KAFODD BARUGG.
  1386 | D:2      | 1386 ||| READING scroll labelled GIAQ YQ LURIOBAS.
  1387 | D:2      | 1387 ||| READING scroll labelled ROFEOFASAA.
  1428 | D:3      | Identified the scarf "Kolydd" {harm, Dex+3}
  1753 | D:3      | 1753 ||| DROPPING amulet of magic regeneration.
  1754 | D:3      | 1754 ||| UPGRADING to ring of positive energy.
  1755 | D:3      | 1755 ||| READING scroll labelled QETRUS JAL PIJILASCH.
  1858 | D:4      | Noticed Menkaure
  1859 | D:4      | 1859 ||| FLEEEEING.
  1874 | D:4      | Reached skill level 3 in Fighting
  1874 | D:4      | Reached XP level 5. HP: 31/45 MP: 5/5
  1881 | D:4      | 1881 ||| FLEEEEING.
  1882 | D:4      | 1882 ||| FLEEEEING.
  1883 | D:4      | 1883 ||| FLEEEEING.
  1884 | D:4      | 1884 ||| FLEEEEING.
  1885 | D:4      | 1885 ||| FLEEEEING.
  1886 | D:4      | 1886 ||| FLEEEEING.
  1900 | D:4      | 1900 ||| FLEEEEING.
  1901 | D:4      | 1901 ||| FLEEEEING.
  1919 | D:4      | Killed Menkaure
  1920 | D:4      | Reached skill level 6 in Ranged Weapons
  1920 | D:4      | Reached XP level 6. HP: 50/51 MP: 6/6
  2907 | D:4      | 2907 ||| READING scroll labelled DULAUT ZES.
  2908 | D:4      | 2908 ||| DRINKING 2 bubbling blue potions.
  2940 | D:4      | 2940 ||| DRINKING 2 viscous green potions.
  2940 | D:4      | Gained mutation: You are frail. (-10% HP) [potion of
                  | mutation]
  2940 | D:4      | Gained mutation: Your spells are a little easier to cast,
                  | but a little less powerful. [potion of mutation]
  2940 | D:4      | Gained mutation: You have a pair of large horns on your
                  | head. [potion of mutation]
  2941 | D:4      | 2941 ||| DRINKING potion of mutation.
  2941 | D:4      | Lost mutation: Your spells are a little easier to cast, but
                  | a little less powerful. [potion of mutation]
  2941 | D:4      | Lost mutation: You are frail. (-10% HP) [potion of
                  | mutation]
  2941 | D:4      | Lost mutation: You have a pair of large horns on your head.
                  | [potion of mutation]
  2941 | D:4      | Gained mutation: You are frail. (-10% HP) [potion of
                  | mutation]
  2941 | D:4      | Gained mutation: Your flesh is cold resistant. (rC+)
                  | [potion of mutation]
  2941 | D:4      | Gained mutation: You have a pair of large horns on your
                  | head. [potion of mutation]
  2941 | D:4      | Gained mutation: You have a somewhat thin skeletal
                  | structure. (Dex +2, Stealth+) [potion of mutation]
  2942 | D:4      | 2942 ||| READING 3 scrolls of identify.
  2942 | D:4      | 2942 ||| IDENTIFYING sapphire potion
  2943 | D:4      | 2943 ||| READING 2 scrolls of identify.
  2943 | D:4      | 2943 ||| IDENTIFYING black potion
  2944 | D:4      | 2944 ||| DROPPING potion of lignification.
  2945 | D:4      | 2945 ||| DROPPING potion of magic.
  2976 | D:5      | Entered Level 5 of the Dungeon
  2984 | D:5      | Reached skill level 7 in Ranged Weapons
  3048 | D:5      | Reached XP level 7. HP: 51/54 MP: 7/7
  3154 | D:5      | Reached skill level 8 in Ranged Weapons
  3239 | D:5      | 3239 ||| READING scroll of enchant armour.
  3239 | D:5      | 3239 ||| ENCHANTING +0 pair of boots.
  3518 | D:5      | Reached skill level 3 in Armour
  3769 | D:5      | 3769 ||| READING scroll labelled ILUWNIATAVU.
  3770 | D:5      | 3770 ||| READING 2 scrolls labelled TYBBULLOZAS.
  3771 | D:5      | 3771 ||| DROPPING scroll of immolation.
  3836 | D:6      | Noticed Pikel
  3843 | D:6      | Reached skill level 3 in Dodging
  3847 | D:6      | HP: 9/54 [Pikel/+1 whip of freezing (5)]
  3847 | D:6      | HP: 2/54 [lemure[Pikel] (7)]
  3848 | D:6      | 3848 ||| DRINKING potion of heal wounds.
  3850 | D:6      | Slain by a lemure

Levels and vault maps discovered:
D:1:      dpeg_arrival_connections, layout_loops_ring, minmay_rat_gold_closets
D:2:      layout_basic
D:3:      layout_rooms
D:4:      layout_basic, minmay_misc_feat_ornament, uniq_menkaure
D:5:      layout_loops_ring, st_stairs_7, nicolae_sextant, saegor_snake_ambush
D:6:      layout_layer_cave, nicolae_hepliaklqana_hazy_memory, st_stairs_6,
          uniq_pikel, uniq_sigmund

Skill      XL: |  1  2  3  4  5  6  7 |
---------------+----------------------+-----
Ranged Weapons | 3 4 5 6 7 8 |  8.0
Fighting       | 2 3 4 5 |  5.1
Armour         | 1 3 |  3.1
Dodging        | 3 |  3.3
Spellcasting   | |  1.0
Hexes          | |  2.0

Action                     |  1- 3 |  4- 6 |  7- 9 || total
---------------------------+-------+-------+-------++-------
   Fire: Sling             |   136 |    46 |       ||   182
         Longbow           |       |   106 |    38 ||   144
    Use: Scroll            |     1 |     9 |     3 ||    13
         Potion            |     1 |     3 |     1 ||     5
 Armour: Robe              |     5 |       |       ||     5
         Ring mail         |     6 |    25 |    16 ||    47
  Dodge: Dodged            |    30 |    53 |    20 ||   103

Table legend:
 A = Non-vault XP
 B = Vault XP
 C = Vault XP percentage of total XP
 D = Non-vault monster count
 E = Vault monster count
 F = Vault count percentage of total count
                 A         B        C        D         E       F
            +---------+---------+-------+---------+---------+-------
      Total |    1017 |     326 |  24.3 |      96 |      16 |  14.3
            +---------+---------+-------+---------+---------+-------
        D:1 |      64 |      10 |  13.5 |      31 |      10 |  24.4
        D:2 |      92 |       0 |   0.0 |      19 |       0 |   0.0
        D:3 |       9 |       0 |   0.0 |       4 |       0 |   0.0
        D:4 |     241 |     172 |  41.6 |      28 |       1 |   3.4
        D:5 |     365 |     144 |  28.3 |      12 |       5 |  29.4
        D:6 |     246 |       0 |   0.0 |       2 |       0 |   0.0
            +---------+---------+-------+---------+---------+-------
